 Dungeon Crawl Stone Soup version 0.28-a0-2-g643f2454ad (webtiles) character file.

Game seed: 120275090286093994

86 zazu2006 the Magician (level 4, 0/36 HPs)
             Began as a Naga Hedge Wizard on July 22, 2021.
             Succumbed to an adder's poison
             ... on level 3 of the Dungeon.
             The game lasted 00:03:38 (3459 turns).

zazu2006 the Magician (Naga Hedge Wizard)           Turns: 3459, Time: 00:03:38

Health: 0/36       AC:  2    Str: 12    XL:     4   Next: 49%
Magic:  1/10       EV: 10    Int: 16    God:
Gold:   139        SH:  0    Dex: 10    Spells: 10/11 levels left

rFire   . . .      SeeInvis +   l - +0 falchion
rCold   . . .      Faith    .   (no shield)
rNeg    . . .      Spirit   .   b - +0 robe
rPois   +          Reflect  .   c - +0 hat
rElec   .          Harm     .   (no cloak)
rCorr   +          Rampage  .   (no gloves)
Will    .....                   (no barding)
Stlth   ++........              (no amulet)
HPRegen 0.12/turn               m - ring of resist corrosion
MPRegen 0.12/turn               (no ring)

@: lethally poisoned (0 -> -4), very slightly contaminated, invisible, very slow
A: AC +1, large, see invisible, deformed body, poison resistance, slowness 2,
spit poison 1, naga tail 1
a: Spit Poison


You were on level 3 of the Dungeon.
You visited 1 branch of the dungeon, and saw 3 of its levels.

You collected 139 gold pieces.

Inventory:

Hand Weapons
 a - a +0 dagger
 l - a +0 falchion (weapon)
Missiles
 h - 22 poisoned darts
Armour
 b - a +0 robe (worn)
 c - a +0 hat (worn)
Jewellery
 m - a ring of resist corrosion (left hand)
 n - a ring of protection from fire
Scrolls
 e - 5 scrolls of identify {unknown}
 f - a scroll of immolation {unknown}
 j - a scroll of enchant weapon {unknown}
Potions
 d - a potion of resistance {unknown}
 g - a potion of might {unknown}
 i - a potion of invisibility
 k - a potion of attraction {unknown}


   Skills:
 + Level 0.3 Fighting
 + Level 1.8 Dodging
 + Level 3.7 Stealth
 + Level 4.1 Spellcasting
 + Level 2.1 Conjurations
 + Level 1.0 Summonings
 + Level 1.0 Translocations


You had 10 spell levels left.
You knew the following spells:

 Your Spells              Type           Power      Damage    Failure   Level
a - Magic Dart            Conj           40%        1d5       7%          1

Your spell library contained the following spells:

 Spells                   Type           Power      Damage    Failure   Level
 Blink                    Tloc           N/A        N/A       17%         2
 Call Imp                 Summ           6%         N/A       17%         2
 Slow                     Hex            3%         N/A       26%         2
 Conjure Flame            Conj/Fire      6%         6-21      32%         3
 Mephitic Cloud           Conj/Pois/Air  5%         N/A       36%         3


Dungeon Overview and Level Annotations

Branches:
Dungeon (3/15)

Altars:


Innate Abilities, Weirdness & Mutations

Your serpentine skin is tough. (AC +1)
You have supernaturally acute eyesight. (SInv)
Armour fits poorly on your strangely shaped body.
Your system is resistant to poisons. (rPois)
You cover ground very slowly.
You can spit poison.
You have a snake-like lower body.


Message History

Casting: Magic Dart (safe; 7% risk of failure)
Confirm with . or Enter, or press ? or * to list all spells.
Aiming: Magic Dart (safe; 7% risk of failure)
Press: ? - help, Shift-Dir - straight line, f/p - adder
Aim: an adder (almost dead, 100% to hit)
You miscast Magic Dart.
You are very lightly contaminated with residual magic.
Nothing appears to happen.
You feel sick. The adder bites you. The goblin hits you with a +0 club.
The adder misses you.
Casting: Magic Dart (safe; 7% risk of failure)
Confirm with . or Enter, or press ? or * to list all spells.
Aiming: Magic Dart (safe; 7% risk of failure)
Press: ? - help, Shift-Dir - straight line, f/p - adder
Aim: an adder (almost dead, 100% to hit)
The magic dart hits the adder but does no damage.
The adder is almost dead.
You feel sick. The goblin hits you with a +0 club. The adder bites you.
Unknown command.
Casting: Magic Dart (safe; 7% risk of failure)
Confirm with . or Enter, or press ? or * to list all spells.
Aiming: Magic Dart (safe; 7% risk of failure)
Press: ? - help, Shift-Dir - straight line, f/p - adder
Aim: an adder (almost dead, 100% to hit)
The magic dart hits the adder but does no damage.
The adder is almost dead.
You feel sick. The goblin closely misses you. The adder bites you.
* * * LOW HITPOINT WARNING * * *
Casting: Magic Dart (safe; 7% risk of failure)
Confirm with . or Enter, or press ? or * to list all spells.
Aiming: Magic Dart (safe; 7% risk of failure)
Press: ? - help, Shift-Dir - straight line, f/p - adder
Aim: an adder (almost dead, 100% to hit)
The magic dart hits the adder.
You kill the adder!
* * * LOW HITPOINT WARNING * * *
You feel sick. The goblin hits you with a +0 club.
* * * LOW HITPOINT WARNING * * *
It was a potion of invisibility.
You fade into invisibility!
You die...

#....... #......
####..... #.......
####...... ... .........
....
####..g†###########.....
.......@................
(............)..........
####.....#.###b###......
#####..##≈≈.≈≈##.....
....##≈..P..≈##....
.....#≈.P...P.≈#....
.....#≈.......≈#.>..
.....+.P⌠8.8⌠P.'....
......#≈.......≈#....


You could see a goblin.

Vanquished Creatures
  3 adders
  2 endoplasms (D:1)
  5 giant cockroaches
  A goblin (D:3)
  6 hobgoblins
  11 jackals (D:1)
  4 quokkas
  A ball python (D:1)
  5 bats
  3 frilled lizards
  4 kobolds
  7 rats
  A butterfly (D:3)
53 creatures vanquished.

Notes
Turn   | Place    | Note
-------+----------+-------------------------------------------
     0 | D:1      | zazu2006 the Naga Hedge Wizard began the quest for the Orb.
     0 | D:1      | Reached XP level 1. HP: 15/15 MP: 4/4
   407 | D:1      | Reached XP level 2. HP: 22/22 MP: 1/6
  1244 | D:1      | Reached XP level 3. HP: 28/28 MP: 2/8
  2451 | D:2      | Reached XP level 4. HP: 27/36 MP: 1/9
  2714 | D:2      | Reached skill level 4 in Spellcasting
  3458 | D:3      | HP: 1/36 [goblin (4)]
  3459 | D:3      | Succumbed to an adder's poison

Illustrated notes

Levels and vault maps discovered:
D:1:      psy_arrival_radial01, layout_basic, minmay_hexomino_f4
D:2:      layout_loops_ring, minmay_misc_feat_five,
          wander_ebering_terrifying_dragon_lair
D:3:      layout_basic, grunt_ministairs_14, hangedman_glass_garden,
          minmay_rat_hole

Skill      XL: |  1  2  3  4 |
---------------+-------------+-----
Spellcasting   | 4 |  4.1
Conjurations   | 2 |  2.1
Fighting       | |  0.3
Dodging        | |  1.8
Stealth        | |  3.7
Summonings     | |  1.0
Translocations | |  1.0

Action                   |  1- 3 |  4- 6 || total
-------------------------+-------+-------++-------
Melee: Dagger            |    31 |       ||    31
       Falchion          |       |     8 ||     8
 Cast: Magic Dart        |   102 |    29 ||   131
 Abil: Spit Poison       |    18 |     2 ||    20
  Use: Potion            |       |     1 ||     1
 Stab: Sleeping          |     2 |     1 ||     3
Armor: Robe              |    14 |     2 ||    16
Dodge: Dodged            |    39 |     8 ||    47
       Rpst.: Falchion   |       |     1 ||     1

Table legend: (Time is in decaauts)
 A = Elapsed time spent in this place.
 B = Non-inter-level travel time spent in this place.
 C = Inter-level travel time spent in this place.
 D = Time resting spent in this place.
 E = Time spent auto-exploring this place.
 F = Levels seen in this place.
 G = Mean time per level.
                   A        B        C        D        E       F      G
               +--------+--------+--------+--------+--------+-----+--------+
         Total |   4114 |   3963 |    151 |    297 |   3316 |   3 | 1371.3 |
       Dungeon |   4114 |   3963 |    151 |    297 |   3316 |   3 | 1371.3 |
               +--------+--------+--------+--------+--------+-----+--------+

Top non-repeatable levels by time:
     D:1: 2182 daAuts
     D:2: 1498 daAuts
     D:3: 433 daAuts
